AoeStats
← Tomate

Arabia

509958759Analyzed
2v2 RM · 5d ago on Sep 28, 2026· 16m 6s· 4 players
Game mode
Random Map
Map size
Medium (4 player)
Population
200
Speed
Normal
Resources
Standard
Victory
Conquest
Starting age
Dark Age
Ending age
Imperial Age
RankedLock teamsTeams togetherTeam positionsShared explorationLock speedFull tech treeHidden civsTurbo modeCheats
Victory
Defeat
🇩🇪 Spanish · Germany
954
+15
🇩🇪 Hindustanis · Germany
932
+15
🇨🇱 Romans · Chile
930
-15
🇨🇱 Magyars · Chile
929
-15
nnickk0
9:24 Feudal Age
8:22 Loom
12:34 Man-at-Arms
Tomate
10:29 Feudal Age
11:14 Double-Bit Axe
12:17 Bloodlines
14:00 Loom
Inatas
10:27 Feudal Age
10:24 Loom
14:06 Scale Barding Armor
ShaggyClumpOfHair
7:14 Loom
11:06 Feudal Age
11:41 Double-Bit Axe
11:38 Horse Collar
Connection lost

Rejoining the realm…

Still unreachable

The connection could not be restored.

Session expired

The server has moved on; the page needs a fresh start.